 Dungeon Crawl Stone Soup version 0.30.2 (webtiles) character file.

Game seed: 6984719314402159629

7 Ashen the Chiller (level 2, -2/26 HPs)
             Began as an Ogre Ice Elementalist on Jan 24, 2024.
             Slain by a quokka (4 damage)
             ... on level 1 of the Dungeon.
             The game lasted 00:01:22 (208 turns).

Ashen the Chiller (Ogre Ice Elementalist)            Turns: 208, Time: 00:01:22

Health: -2/26      AC:  3    Str: 11    XL:     2   Next: 0%
Magic:  0/5        EV:  9    Int: 16    God:
Gold:   29         SH:  0    Dex:  9    Spells: 5/6 levels left

rFire   . . .        (no weapon)
rCold   . . .        (no shield)
rNeg    . . .        a - +0 robe
rPois   .            (helmet restricted)
rElec   .            (no cloak)
rCorr   .            (gloves unavailable)
SInv    .            (boots unavailable)
Will    .....        (no amulet)
Stlth   +            (no ring)
HPRegen 0.24/turn    (no ring)
MPRegen 0.09/turn

%: no passive effects
@: no status effects
A: large, unfitting armour, tough skin 1
a: no special abilities


You were on level 1 of the Dungeon.
You visited 1 branch of the dungeon, and saw 1 of its levels.

You collected 29 gold pieces.

Inventory:

Armour
 a - a +0 robe (worn)
Scrolls
 c - a scroll of immolation {unknown}
Potions
 b - a potion of magic
 d - 2 potions of curing {unknown}


   Skills:
 + Level 0.3 Fighting
 + Level 1.9 Dodging
 + Level 1.4 Stealth
 * Level 2.6 Spellcasting
 * Level 3.7 Ice Magic


You had 5 spell levels left.
You knew the following spells:

 Your Spells              Type           Power      Damage    Failure   Level
a - Freeze                Ice            56%        1d7       4%          1

Your spell library contained the following spells:

 Spells                   Type           Power      Damage    Failure   Level
 Frozen Ramparts          Ice            28%        1d5       13%         3
 Ozocubu's Armour         Ice            14%        N/A       13%         3
 Summon Ice Beast         Ice/Summ       8%         N/A       65%         4


Dungeon Overview and Level Annotations

Branches:
Dungeon (1/15)

Altars:


Innate Abilities, Weirdness & Mutations

You are too large for most types of armour.
You have tough skin. (AC +1)


Message History

The quokka bites you but does no damage. x2
You closely miss the quokka.
The endoplasm quivers.
The quokka barely misses you.
You hit the quokka but do no damage. The quokka closely misses you.
You closely miss the quokka. The quokka bites you.
You barely miss the quokka. The quokka bites you.
You miss the quokka. The quokka barely misses you.
The quokka bites you but does no damage.
You miss the quokka. The quokka closely misses you.
You closely miss the quokka. The quokka bites you. The endoplasm hits you.
Casting: Freeze (safe; 4% risk of failure)
Confirm with . or Enter, or press ? or * to list all spells.
Aiming: Freeze (safe; 4% risk of failure)
Press: ? - help, Shift-Dir - straight line, f - endoplasm
Aim: an endoplasm You freeze the endoplasm.
The endoplasm is severely wounded.
The quokka barely misses you.
The endoplasm hits you but does no damage.
You hit the endoplasm but do no damage.
The endoplasm is severely wounded.
The quokka bites you.
* * * LOW HITPOINT WARNING * * *
The endoplasm barely misses you.
Unknown command.
You barely miss the endoplasm.
The endoplasm is severely wounded.
The quokka bites you but does no damage.
The quokka bites you.
* * * LOW HITPOINT WARNING * * *
The endoplasm barely misses you.
Your magical contamination has completely faded away.
You hit the endoplasm.
You kill the endoplasm!
The quokka barely misses you.
You have reached level 2!
You barely miss the quokka. The quokka barely misses you.
You closely miss the quokka. The quokka bites you.
You die...

#.. ##.##
##...##
##.....##
##.......##
#.........#
#........# ##
#..†...# ..
##.@.#.###.###
##r#........
#.#.~~♣#.##
#.#P~~~..#
#.#~~~♣#.# .
#.##..P..# #.
#.##.##### .#
..##.# .#
.######.# .#


You could see a quokka.

Vanquished Creatures
  3 bats (D:1)
  An endoplasm (D:1)
  A goblin (D:1)
  A frilled lizard (D:1)
  A rat (D:1)
7 creatures vanquished.

Notes
Turn   | Place    | Note
-------+----------+-------------------------------------------
     0 | D:1      | Ashen the Ogre Ice Elementalist began the quest for the
                  | Orb.
     0 | D:1      | Reached XP level 1. HP: 16/16 MP: 3/3
   207 | D:1      | Reached XP level 2. HP: 2/26 MP: 0/5
   208 | D:1      | Slain by a quokka

Illustrated notes

Levels and vault maps discovered:
D:1:      lemuel_arrival_behind_the_door_large, layout_loops_ring, serial_bayou,
          serial_bayou_pond_a, serial_bayou_shore_a, serial_bayou_pond_d,
          serial_bayou_shore_b

Action                     || total
---------------------------++-------
  Melee: Unarmed           ||    14
   Cast: Freeze            ||     9
 Armour: Robe              ||    11
  Dodge: Dodged            ||    11
